 Dungeon Crawl Stone Soup version 0.29-a0-344-ge2f44be95a (webtiles) character file.

Game seed: 4795157220162163142

1480 zeratav the Destroyer (level 8, 0/46 HPs)
             Began as an Octopode Conjurer on Apr 21, 2022.
             Slain by a kobold brigand
             ... wielding a +0 dagger
              (4 damage)
             ... on level 7 of the Dungeon.
             The game lasted 00:12:52 (7124 turns).

zeratav the Destroyer (Octopode Conjurer)           Turns: 7124, Time: 00:12:53

Health: 0/46       AC:  1    Str:  6    XL:     8   Next: 79%
Magic:  0/15       EV: 13    Int: 23    God:
Gold:   386        SH:  0    Dex: 10    Spells: 10/17 levels left

rFire   . . .      SeeInvis +   s - +2 rapier (vamp) {short}
rCold   . . .      Faith    .   (no shield)
rNeg    . . .      Spirit   .   (helmet restricted)
rPois   .          Reflect  .   (no amulet)
rElec   .          Harm     .   l - ring of see invisible
rCorr   .          Rampage  .   (no ring)
Will    .....                   (no ring)
Stlth   +++.......              (no ring)
HPRegen 0.15/turn               (no ring)
MPRegen 0.14/turn               (no ring)
                                (no ring)
                                (no ring)

@: no status effects
A: almost no armour, amphibious, 8 rings, camouflage 1, gelatinous body 1,
(nimble swimmer 1), tentacles
a: no special abilities


You were on level 7 of the Dungeon.
You visited 2 branches of the dungeon, and saw 8 of its levels.

You collected 386 gold pieces.


Innate Abilities, Weirdness & Mutations

You cannot wear most types of armour.
You are amphibious.
You can wear up to eight rings at the same time.
Your skin changes colour to match your surroundings (Stealth+).
Your rubbery body absorbs attacks. (AC +1, EV +1)
((You are camouflaged when in or above water. (Stealth+)))
You have tentacles for arms and can constrict up to eight enemies at once.


   Skills:
 - Level 2.0 Dodging
 - Level 2.6 Stealth
 - Level 5.0 Spellcasting
 * Level 9.3 Conjurations
 - Level 4.0 Translocations


You had 10 spell levels left.
You knew the following spells:

 Your Spells              Type           Power      Damage    Failure   Level
a - Magic Dart            Conj           100%       1d8       1%          1
b - Searing Ray           Conj           96%        2d7       1%          2
c - Iskenderun's Mystic   Conj/Tloc      36%        2d9       6%          4

Your spell library contained the following spells:

 Spells                   Type           Power      Damage    Failure   Level
 Dazzling Flash           Conj/Hex       54%        N/A       4%          3
 Sublimation of Blood     Necr           5%         N/A       14%         2
 Wereblood                Tmut           5%         N/A       14%         2
 Fulminant Prism          Conj/Hex       13%        3d9       14%         4
 Irradiate                Conj/Tmut      13%        3d17      36%         5
 Petrify                  Tmut/Erth      5%         N/A       67%         4
 Summon Hydra             Summ           2%         N/A       100%        7

Inventory:

Hand Weapons
 s - a +2 vampiric rapier (weapon) {short}
   (You took it off Eustachio on level 5 of the Dungeon)
 v - the +12 dagger of Dim Light {flame, Drain rElec rCorr Int+4, short}
   (You found it on level 6 of the Dungeon)

   It burns those it strikes, dealing additional fire damage.
   Int:       It affects your intelligence (+4).
   rElec:     It insulates you from electricity.
   rCorr:     It protects you from acid and corrosion.
   Drain:     It drains your maximum health when unequipped.
Jewellery
 l - a ring of see invisible (left tentacle)
   (You found it on level 3 of the Dungeon)
Wands
 c - a wand of charming (14)
   (You found it on level 5 of the Dungeon)
 o - a wand of acid (10)
   (You found it on level 6 of the Dungeon)
 q - a wand of mindburst (15)
   (You found it on level 6 of the Dungeon)
 w - a wand of iceblast (13)
   (You found it on level 6 of the Dungeon)
Scrolls
 b - a scroll of enchant armour
 d - 2 scrolls of teleportation {@r4}
 e - 2 scrolls of enchant weapon
 j - a scroll of immolation {!r!r}
 k - a scroll of fog
 n - 2 scrolls of blinking {!r}
 u - a scroll of torment {unknown}
Potions
 a - a potion of magic
 f - a potion of mutation {unknown}
 g - a potion of attraction {unknown}
 h - a potion of haste {unknown}
 i - 4 potions of curing {@q1}
 m - a potion of ambrosia {unknown}
 p - 2 potions of brilliance {unknown}
 r - a potion of berserk rage {unknown}
 t - a potion of might {unknown}

Dungeon Overview and Level Annotations

Branches:
Dungeon (7/15)             Temple (1/1) D:6

Altars:
Ashenzari
Dithmenos
Elyvilon
Fedhas
Gozag
Kikubaaqudgha
Makhleb
Nemelex Xobeh
Okawaru
Qazlal
Ru
Sif Muna
Trog
Uskayaw
Wu Jian
Xom
Yredelemnul
Zin
The Shining One

.# K# ##K
###.. .).#
##K###
#.<..##
#..##K.######
#.# ##@)....#
#.
######..... #
#.$


You could see a kobold brigand and a kobold.


Message History

You are very lightly contaminated with residual magic.
Nothing appears to happen.
The kobold shouts!
You feel sick.
You hear a shout!
The kobold hits you with a +0 dagger.
* * * LOW HITPOINT WARNING * * *
The kobold hits you but does no damage.
HP[-5] MP[-3]
You take 5 damage, and now have 17/46 hp.
You lost 3 mp, and now have 2/15 mp.
Casting: Iskenderun's Mystic Blast (dangerous; 6% risk of failure)
Confirm with . or Enter, or press ? or * to list all spells.
You don't have enough magic to cast this spell.
You feel sick. The kobold hits you with a +0 dagger.
* * * LOW HITPOINT WARNING * * *
The kobold closely misses you. The kobold barely misses you.
HP[-3]
You take 3 damage, and now have 14/46 hp.
The kobold attacks as you move away! The kobold closely misses you.
You feel sick.
You are no longer poisoned.
A bullfrog comes into view.
HP[-1]
You take 1 damage, and now have 13/46 hp.
The kobold attacks as you move away! The kobold completely misses you.
The kobold hits you with a +0 dagger.
* * * LOW HITPOINT WARNING * * *
HP[-1]
You take 1 damage, and now have 12/46 hp.
You hit the kobold.
You feel better.
You grab the kobold. You constrict the kobold. The kobold barely misses you.
HP[+1] MP[+1]
You barely miss the kobold. You constrict the kobold.
You kill the kobold!
The kobold barely misses you.
Your magical contamination has completely faded away.
HP[+1]
You hit the kobold.
You kill the kobold!
The kobold hits you with a +0 short sword.
* * * LOW HITPOINT WARNING * * *
HP[-3]
You take 3 damage, and now have 11/46 hp.
You closely miss the kobold. You grab the kobold. You constrict the kobold.
The kobold hits you with a +0 short sword.
* * * LOW HITPOINT WARNING * * *
The kobold barely misses you.
HP[-4]
You take 4 damage, and now have 7/46 hp.
You hit the kobold.
You kill the kobold!
The kobold closely misses you.
MP[+1]
You puncture the kobold!
You kill the kobold!
HP[+1]
You feel yourself speed up.
A kobold brigand comes into view.
It is wielding a +0 dagger and quivering poisoned darts.
Items here: (( )))) †.
The kobold brigand throws a poisoned dart.
The poisoned dart hits you!
You are poisoned.
You feel better.
HP[+5]
You regained 5 hp, and now have 13/46 hp.
Casting: Iskenderun's Mystic Blast (dangerous; 6% risk of failure)
Confirm with . or Enter, or press ? or * to list all spells.
Aiming: Searing Ray (safe; 1% risk of failure)
Press: ? - help, Shift-Dir - straight line, f - kobold brigand
Aim: a kobold brigand, wielding a +0 dagger and quivering poisoned darts (79% to hit)
The searing ray hits the kobold brigand! (Press . to maintain the ray.)
The kobold brigand hits you with a +0 dagger.
* * * LOW HITPOINT WARNING * * *
HP[-2] MP[-2]
You take 2 damage, and now have 11/46 hp.
You lost 2 mp, and now have 2/15 mp.
The searing ray hits the kobold brigand!
The kobold brigand hits you with a +0 dagger.
* * * LOW HITPOINT WARNING * * *
HP[-2]
You take 2 damage, and now have 9/46 hp.
The searing ray hits the kobold brigand but does no damage.
The kobold brigand barely misses you.
MP[-1]
You lost 1 mp, and now have 1/15 mp.
The searing ray hits the kobold brigand.
You finish channelling your searing ray.
You hear a shout!
The kobold brigand hits you with a +0 dagger.
* * * LOW HITPOINT WARNING * * *
HP[-6] MP[-1]
You take 6 damage, and now have 3/46 hp.
You lost 1 mp, and now have 0/15 mp.
You hit the kobold brigand.
You feel better.
You grab the kobold brigand.
You squeeze the kobold brigand, but do no damage.
You constrict the kobold brigand, but do no damage.
The kobold brigand hits you with a +0 dagger.
You die...

Skill      XL: |  1  2  3  4  5  6  7  8 |
---------------+-------------------------+-----
Translocations | 1 2 3 4 |  4.0
Conjurations   | 5 6 7 9 |  9.3
Spellcasting   | 3 4 5 |  5.0
Dodging        | |  2.0
Stealth        | |  2.6

Action                   |  1- 3 |  4- 6 |  7- 9 || total
-------------------------+-------+-------+-------++-------
Melee: Dagger            |     3 |     5 |       ||     8
       Short sword       |     1 |     4 |       ||     5
       Constrict         |       |     3 |     5 ||     8
       Tentacles         |       |     2 |     3 ||     5
       Rapier            |       |       |    13 ||    13
 Cast: Magic Dart        |    59 |    88 |    37 ||   184
       Searing Ray       |       |    10 |    20 ||    30
       Iskenderun's Myst |       |       |     5 ||     5
  Use: Scroll            |       |       |    12 ||    12
       Potion            |       |       |     1 ||     1
Armor: Skin              |     1 |     1 |     2 ||     4
Dodge: Dodged            |     9 |    13 |    21 ||    43

Levels and vault maps discovered:
D:1:      ebering_trefoil_3fold, layout_loops_ring,
          ebering_ecumenical_altar_abandoned, grunt_decor_junction,
          minmay_pentomino_o4
D:2:      layout_rooms, serial_forest, infiniplex_forest_clump_cross,
          infiniplex_forest_lined_corner, infiniplex_forest_lined_1,
          infiniplex_forest_straight_2, infiniplex_forest_clump_small,
          infiniplex_forest_clump_double, infiniplex_forest_straight_4,
          infiniplex_forest_clump_small
D:3:      layout_loops_ring, makhleb_altar_promises_db,
          nicolae_figureground_pulse
D:4:      layout_rooms
D:5:      layout_rooms, uniq_edmund, uniq_eustachio, uniq_blork_the_orc
D:6:      layout_cave_pods, tso_metal_star, old_standard_altar,
          minmay_temple_entry_slanted
D:7:      layout_rooms, slow_altar_2
Temple:   lightli_temple_of_artemis

Notes
Turn   | Place    | Note
-------+----------+-------------------------------------------
     0 | D:1      | zeratav the Octopode Conjurer began the quest for the Orb.
     0 | D:1      | Reached XP level 1. HP: 11/11 MP: 3/3
     0 | D:1      | magus.rc [v1.9.6]
   295 | D:1      | Reached XP level 2. HP: 17/17 MP: 1/5
   464 | D:1      | Found a faded altar of an unknown god.
  1013 | D:1      | Reached skill level 1 in Translocations
  1016 | D:1      | Learned a level 2 spell: Searing Ray
  1186 | D:2      | Reached XP level 3. HP: 21/21 MP: 3/6
  1653 | D:2      | Reached XP level 4. HP: 27/27 MP: 4/7
  1845 | D:2      | Reached skill level 5 in Conjurations
  2743 | D:3      | Reached XP level 5. HP: 31/31 MP: 4/9
  3102 | D:3      | Reached skill level 2 in Translocations
  3193 | D:3      | Found a burning altar of Makhleb.
  3193 | D:3      | Noticed a balrug
  3196 | D:3      | Noticed a smoke demon
  3196 | D:3      | Noticed a neqoxec
  3383 | D:4      | You pick up a book of Alchemy and begin reading...
  3383 | D:4      | You add the spells Sublimation of Blood, Petrify and
                  | Irradiate to your library.
  3405 | D:4      | Noticed a phantom
  3427 | D:4      | Killed a phantom
  3428 | D:4      | Reached skill level 3 in Spellcasting
  3428 | D:4      | Reached XP level 6. HP: 12/36 MP: 0/10
  3909 | D:4      | Reached skill level 6 in Conjurations
  4071 | D:4      | Reached skill level 3 in Translocations
  4265 | D:4      | Reached XP level 7. HP: 41/41 MP: 5/12
  4379 | D:4      | Learned a level 4 spell: Iskenderun's Mystic Blast
  4415 | D:5      | Entered Level 5 of the Dungeon
  4415 | D:5      | Noticed Blork the orc
  4528 | D:5      | Killed Blork the orc
  4581 | D:5      | You pick up a book of Blood and begin reading...
  4581 | D:5      | You add the spells Wereblood and Summon Hydra to your
                  | library.
  4695 | D:5      | Reached skill level 4 in Spellcasting
  4695 | D:5      | Reached skill level 7 in Conjurations
  4829 | D:5      | Noticed Eustachio
  4841 | D:5      | Killed Eustachio
  4842 | D:5      | Reached skill level 4 in Translocations
  4842 | D:5      | Reached XP level 8. HP: 14/46 MP: 2/14
  5169 | D:5      | Noticed Edmund
  5185 | D:5      | HP: 5/46 [Edmund/+3 flail of protection (12)]
  5188 | D:5      | Killed Edmund
  5455 | D:5      | Reached skill level 8 in Conjurations
  5709 | D:5      | Reached skill level 5 in Spellcasting
  6051 | D:6      | Found a glowing golden altar of the Shining One.
  6170 | D:6      | Found a staircase to the Ecumenical Temple.
  6177 | Temple   | Entered the Ecumenical Temple
  6553 | D:6      | Identified the +12 dagger of Dim Light {flame, Drain rElec
                  | rCorr Int+4}
  6562 | D:6      | Found a broken altar of Ashenzari.
  6569 | D:6      | Reached skill level 9 in Conjurations
  7113 | D:7      | HP: 11/46 [kobold/+0 short sword (3)]
  7120 | D:7      | HP: 11/46 [kobold brigand/+0 dagger (2)]
  7123 | D:7      | HP: 3/46 [kobold brigand/+0 dagger (6)]
  7124 | D:7      | Slain by a kobold brigand

Vanquished Creatures
  Eustachio (D:5)
  Edmund (D:5)
  A sky beast (D:5)
  3 ogres (D:5)
  2 phantoms (D:4)
  A kobold brigand (D:7)
  Blork the orc (D:5)
  A bullfrog (D:6)
  3 scorpions
  A howler monkey (D:5)
  2 hounds
  2 iguanas
  An orc wizard (D:4)
  7 adders
  A shadow imp (D:5)
  A white imp (D:5)
  A worm (D:3)
  4 dart slugs
  19 orcs
  8 endoplasms
  7 giant cockroaches
  7 goblins
  3 hobgoblins
  18 kobolds
  3 quokkas
  9 ball pythons
  6 bats
  A frilled lizard (D:2)
  5 rats
120 creatures vanquished.

Vanquished Creatures (others)
  A plant (D:2)
1 creature vanquished.

Grand Total: 121 creatures vanquished

Table legend:
 A = Non-vault XP
 B = Vault XP
 C = Vault XP percentage of total XP
 D = Non-vault monster count
 E = Vault monster count
 F = Vault count percentage of total count
                 A         B        C        D         E       F
            +---------+---------+-------+---------+---------+-------
      Total |    1651 |     464 |  21.9 |     114 |       6 |   5.0
            +---------+---------+-------+---------+---------+-------
        D:1 |      26 |       5 |  16.1 |      16 |       3 |  15.8
        D:2 |      97 |       0 |   0.0 |      23 |       0 |   0.0
        D:3 |      51 |       0 |   0.0 |      19 |       0 |   0.0
        D:4 |     493 |       0 |   0.0 |      20 |       0 |   0.0
        D:5 |     656 |     459 |  41.2 |      18 |       3 |  14.3
        D:6 |     213 |       0 |   0.0 |       7 |       0 |   0.0
        D:7 |     115 |       0 |   0.0 |      11 |       0 |   0.0
            +---------+---------+-------+---------+---------+-------

Illustrated notes

Table legend:
 A = Kills in this place as a percentage of kills in entire the game.
 B = Kills by you in this place as a percentage of kills by you in the entire game.
 C = Kills by friends in this place as a percentage of kills by friends in the entire game.
 D = Other kills in this place as a percentage of other kills in the entire game.
 E = Experience gained in this place as a percentage of experience gained in the entire game.
 F = Experience gained in this place divided by the number of levels of this place that you have seen.
                   A       B       C       D       E      F
               +-------+-------+-------+-------+-------+----------------------
         Total | 100.0 | 100.0 |   N/A |   N/A | 100.0 | 264.4
       Dungeon | 100.0 | 100.0 |   N/A |   N/A | 100.0 | 302.1
               +-------+-------+-------+-------+-------+----------------------

Table legend: (Time is in decaauts)
 A = Elapsed time spent in this place.
 B = Non-inter-level travel time spent in this place.
 C = Inter-level travel time spent in this place.
 D = Time resting spent in this place.
 E = Time spent auto-exploring this place.
 F = Levels seen in this place.
 G = Mean time per level.
                   A        B        C        D        E       F      G
               +--------+--------+--------+--------+--------+-----+--------+
         Total |   7134 |   6979 |    155 |   1469 |   4695 |   8 |  891.8 |
       Dungeon |   7028 |   6892 |    136 |   1469 |   4613 |   7 | 1004.0 |
        Temple |    105 |     87 |     18 |      0 |     82 |   1 |  105.0 |
               +--------+--------+--------+--------+--------+-----+--------+

Top non-repeatable levels by time:
     D:4: 1631 daAuts
     D:3: 1170 daAuts
     D:1: 1165 daAuts
     D:5: 1067 daAuts
     D:2: 1001 daAuts
     D:6: 955 daAuts
  Temple: 105 daAuts
     D:7: 38 daAuts
